 Dungeon Crawl Stone Soup version 0.31-a0-851-g7ff8af7976 (webtiles) character file.

Game seed: 16018408882175067496

119011 croobank the Thaumaturge (level 16, -4/122 HPs)
             Began as a Demonspawn Ice Elementalist on Oct 7, 2023.
             Was an Initiate of Gozag.
             Shot with a bolt by Vashnia (24 damage)
             ... on level 2 of the Snake Pit.
             The game lasted 02:56:48 (35403 turns).

croobank the Thaumaturge (DsIE)                    Turns: 35403, Time: 02:56:48

Health: -4/122     AC: 28    Str: 10    XL:     16   Next: 26%
Magic:  20/30      EV: 14    Int: 31    God:    Gozag
Gold:   5292       SH:  4    Dex: 16    Spells: 2/35 levels left

rFire   . . .        H - +3 war axe of Extremism {flame, Fragile rElec Int+2 Dex+2}
rCold   . . .        (no shield)
rNeg    . . .        q - +4 ring mail {Will+}
rPois   +            (helmet unavailable)
rElec   +            F - +2 cloak {Will+}
rCorr   .            p - +1 pair of gloves "Niplent" {Will++}
SInv    .            u - +2 pair of boots
Will    +++++        c - amulet of regeneration
Stlth   +++          o - ring of poison resistance
HPRegen 1.20/turn    V - +6 ring of intelligence
MPRegen 0.22/turn

%: no passive effects
@: lethally poisoned (-4 -> -4), silenced, gold aura, on berserk cooldown,
slowed, very slow
A: horns 3, slimy green scales 2, icemail 2, spiny 1, black mark, condensation
shield, bedeviling
a: Renounce Religion


You were on level 2 of the Snake Pit.
You worshipped Gozag.
Gozag was greatly pleased with you.
You visited 6 branches of the dungeon, and saw 26 of its levels.
You also visited: Gauntlet.

You collected 8513 gold pieces.
You spent 2557 gold pieces at shops.
You paid 664 gold pieces to Gozag.

Inventory:

Hand Weapons
 a - a +5 short sword of speed
 b - a +2 sling of draining
 n - a +2 war axe of flaming
 H - the +3 war axe of Extremism (weapon) {flame, Fragile rElec Int+2 Dex+2}
   (You found it on level 6 of the Dungeon)

   Int+2:     It affects your intelligence (+2).
   Dex+2:     It affects your dexterity (+2).
   rElec:     It insulates you from electricity.
   Fragile:   It will be destroyed if unequipped.
 S - a +1 scimitar of flaming
Missiles
 C - 7 silver javelins
 O - 6 boomerangs (quivered)
 X - 7 javelins
Armour
 p - the +1 pair of gloves "Niplent" (worn) {Will++}
   (You found it in a Gauntlet)

   Will++:    It greatly increases your willpower.
 q - a +4 ring mail of willpower (worn)
 u - a +2 pair of boots (worn)
 E - a +4 chain mail
 F - a +2 cloak of willpower (worn)
 L - a +0 buckler
 T - a +2 robe of fire resistance
Magical Staves
 y - a staff of cold
 A - a staff of air
 B - a staff of poison
Jewellery
 c - an amulet of regeneration (around neck)
 e - a ring of resist corrosion
 g - the ring "Nyreclon" {rN+ SInv}
   (You bought it in a shop on level 2 of the Orcish Mines)

   [ring of see invisible]

   rN+:       It protects you from negative energy.
   SInv:      It lets you see invisible.
 m - a ring of ice
 o - a ring of poison resistance (left hand)
 z - the ring of Ethics {Wiz rF+ Will+ Str+2}
   (You bought it in a shop on level 2 of the Orcish Mines)

   [ring of wizardry]

   Wiz:       It improves your spell success rate.
   Str+2:     It affects your strength (+2).
   rF+:       It protects you from fire.
   Will+:     It increases your willpower.
 V - a +6 ring of intelligence (right hand)
Wands
 h - a wand of flame (56)
 k - a wand of iceblast (10)
 r - a wand of charming (23)
 I - a wand of polymorph (3)
Scrolls
 d - 3 scrolls of fear
 f - 3 scrolls of revelation
 s - 3 scrolls of identify
 t - 4 scrolls of immolation
 v - 2 scrolls of butterflies
 w - 5 scrolls of blinking
 x - a scroll of brand weapon
 D - 3 scrolls of vulnerability
 G - 2 scrolls of silence
 J - a scroll of amnesia
Potions
 l - 6 potions of curing
 M - 5 potions of lignification
 N - 3 potions of resistance
 P - 4 potions of mutation
Miscellaneous
 U - a phantom mirror (inert)


   Skills:
 - Level 10.1 Fighting
 - Level 9.2 Short Blades
 + Level 3.5 Axes
 - Level 9.2 Dodging
 - Level 10.0 Stealth
 + Level 10.2 Spellcasting
 - Level 7.3 Conjurations
 + Level 9.7 Summonings
 - Level 6.1 Necromancy
 + Level 5.1 Translocations
 - Level 7.3 Ice Magic
 - Level 6.7 Air Magic
 - Level 5.1 Earth Magic
 - Level 7.4 Poison Magic


You had 2 spell levels left.
You knew the following spells:

 Your Spells              Type           Power      Damage    Failure   Level
a - Freeze                Ice            100%       1d10      1%          1
b - Frozen Ramparts       Ice            100%       1d16      1%          3
c - Ozocubu's Armour      Ice            57%        N/A       1%          3
d - Iskenderun's Mystic   Conj/Tloc      53%        2d11      6%          4
e - Mephitic Cloud        Conj/Pois/Air  57%        N/A       1%          3
f - Summon Forest         Summ/Tloc      29%        N/A       11%         5
g - Summon Cactus Giant   Summ           33%        N/A       22%         6
h - Tukima's Dance        Hex            23%        N/A       26%         3
i - Borgnjor's Vile Clut  Necr/Erth      25%        N/A       22%         5

Your spell library contained the following spells:

 Spells                   Type           Power      Damage    Failure   Level
 Magic Dart               Conj           100%       1d8       1%          1
 Sandblast                Erth           94%        2d19      1%          1
 Call Imp                 Summ           100%       N/A       1%          2
 Passwall                 Tmut/Erth      25%        N/A       4%          2
 Scorch                   Fire           30%        2d6       13%         2
 Stone Arrow              Conj/Erth      100%       3d13      1%          3
 Summon Ice Beast         Ice/Summ       62%        N/A       2%          4
 Brom's Barrelling Bould  Conj/Erth      53%        2d7       6%          4
 Volatile Blastmotes      Fire/Tloc      62%        2d15      9%          3
 Flame Wave               Conj/Fire      38%        2d10      19%         4
 Fulminant Prism          Conj/Hex       27%        3d14      19%         4
 Inner Flame              Hex/Fire       23%        N/A       26%         3
 Dimensional Bullseye     Hex/Tloc       23%        N/A       28%         4
 Leda's Liquefaction      Hex/Erth       23%        N/A       28%         4
 Petrify                  Tmut/Erth      31%        N/A       28%         4
 Lee's Rapid Deconstruct  Erth           23%        3d13*     28%         5
 Metabolic Englaciation   Hex/Ice        27%        N/A       45%         5
 Bombard                  Conj/Erth      26%        9d5       69%         6
 Death Channel            Necr           26%        N/A       71%         6
 Summon Hydra             Summ           33%        N/A       77%         7
 Yara's Violent Unravell  Hex/Tmut       11%        3d6       93%         5
 Eringya's Noxious Bog    Tmut/Pois      19%        4d6       95%         6
 Enfeeble                 Hex            11%        N/A       100%        7
 Animate Dead             Necr           Unusable   N/A       N/A         4

Dungeon Overview and Level Annotations

Branches:
Dungeon (15/15)            Temple (1/1) D:4            Lair (5/5) D:9
 Shoals (0/4) Lair:3        Snake (2/4) Lair:2        Slime (0/5) Lair:4
    Orc (2/2) D:11            Elf (1/3) Orc:2        Depths (0/4) D:15
Gauntlet (visited)
 Vaults: D:13-14

Altars:
Ashenzari
Cheibriados
Dithmenos
Fedhas
Gozag
Hepliaklqana
Kikubaaqudgha
Makhleb
Nemelex Xobeh
Okawaru
Qazlal
Ru
Sif Muna
Trog
Uskayaw
Vehumet
Wu Jian
Xom
Yredelemnul
Jiyva
Lugonu

Shops:
D:3 (   D:10 [   Orc:2 (?*([=?==

Portals:
Abyss: Lair:5
Trove: D:13 (give +3 shadow dragon scales)

Annotations:
D:3 1 runed translucent door, bahustanut's ghost, amateur OpHu
D:9 3 runed translucent doors, superbruh's ghost, journeyman MfSh
Snake:2 Vashnia
Elf:1 Asterion


Innate Abilities, Weirdness & Mutations

You have a pair of large horns on your head.
You are mostly covered in slimy green scales. (AC +3)
A meltable icy envelope protects you from harm. (AC +8)
You are partially covered in sharp spines.
Your melee attacks may debilitate your foes.
A meltable shield of frost defends you. (SH +4)
Your hexes are more powerful.


Message History

Vashnia is lightly wounded.
You barely miss the naga sharpshooter.
Vashnia shoots a bolt.
The bolt hits you but does no damage.
The naga sharpshooter unwields a +0 mace.
The naga sharpshooter wields a +0 shortbow.
The naga sharpshooter shoots an arrow.
The arrow hits you.
* * * LOW HITPOINT WARNING * * *
You hit Vashnia but do no damage. Your headbutt misses Vashnia.
Vashnia is lightly wounded.
You slash the naga sharpshooter! You burn the naga sharpshooter.
You closely miss Vashnia.
Vashnia is lightly wounded.
You barely miss the naga sharpshooter.
The naga sharpshooter shoots an arrow.
The arrow hits you!
* * * LOW HITPOINT WARNING * * *
Vashnia spits poison at you. The splash of poison hits you.
You are poisoned.
You resist.
* * * LOW HITPOINT WARNING * * *
You slash Vashnia! You burn Vashnia.
Vashnia is lightly wounded.
You barely miss the naga sharpshooter.
You feel sick.
The naga sharpshooter shoots an arrow.
The arrow hits you but does no damage.
Vashnia shoots a bolt.
The bolt hits you but does no damage.
You hit Vashnia. You burn Vashnia.
Vashnia is lightly wounded.
You hit the naga sharpshooter. You burn the naga sharpshooter.
You kill the naga sharpshooter!
You are no longer berserk.
You are exhausted.
You feel yourself slow down.
You feel sick.
The naga sharpshooter shoots a bolt.
The bolt hits you.
* * * LOW HITPOINT WARNING * * *
You miss Vashnia. You headbutt Vashnia.
Vashnia is lightly wounded.
You feel yourself slow down.
You feel sick.
Vashnia shoots a bolt.
The bolt hits you!!
You die...
Your body crumbles into a pile of gold.

#..........##..# .# ##
#####....#.##... ... ##.
##.............
...@#..####...........#..
......$.).............###
#......$$.......###....#.
.......$N...#######......
....#.##$N### ##.....##
... # #@## #..##.## #.#
######.....# # ##.#
#...##..#### # #..#
#.......# #
.......####...#.#.# #
....######..#.....# #
................### #.
.#######....)..#### .
#..####....###


You could see Vashnia (catching breath) and a naga sharpshooter.

Vanquished Creatures
  Nikola (Snake:2)
  Gastronok (Lair:1)
  Kirke (Lair:3)
  A stone giant (D:13)
  A minotaur (Gauntlet)
  Snorg (Lair:3)
  An ettin (D:15)
  Josephine (Lair:3)
  Erolcha (D:10)
  Fannar (Lair:2)
  3 anacondas
  3 hydras
  A catoblepas (Lair:5)
  3 ogre magi
  8 two-headed ogres
  4 centaur warriors
  Erica (D:10)
  2 boulder beetles
  2 death yaks (Lair:2)
  A tengu warrior (D:15)
  An orc high priest (Orc:2)
  3 thrashing horrors (Lair:5)
  2 naga warriors (Snake:2)
  Urug (Lair:1)
  4 shock serpents
  11 naga sharpshooters
  A fire crab (Gauntlet)
  A skyshark (Lair:4)
  A deep troll (D:15)
  A naga ritualist (Snake:1)
  A harpy (shapeshifter) (D:14)
  3 orc knights
  3 wizards
  A lindwurm (Lair:5)
  3 deep elf pyromancers
  2 mana vipers (Snake:1)
  A wolf spider (Gauntlet)
  2 manticores
  4 cyclopes (D:13)
  11 orc sorcerers
  A salamander (Snake:2)
  14 ugly things
  A moth of wrath (shapeshifter) (Lair:5)
  A moth of wrath (Gauntlet)
  11 black mambas
  A black mamba (shapeshifter) (Lair:5)
  11 cane toads
  6 gargoyles
  Joseph (D:7)
  A naga mage (Snake:1)
  A torpor snail (Lair:1)
  A smoke demon (Lair:5)
  Jeremiah (Lair:1)
  An unseen horror (shapeshifter) (D:13)
  An unseen horror (D:9)
  10 komodo dragons
  An efreet (D:13)
  A tengu conjurer (D:13)
  3 rime drakes
  A kobold demonologist (D:11)
  Maggie (D:6)
  10 trolls
  2 merfolk (Lair:3)
  Prince Ribbit (D:7)
  23 blink frogs
  2 hornets (Gauntlet)
  3 raiju
  A wind drake (shapeshifter) (D:15)
  A dream sheep (shapeshifter) (Lair:5)
  Sigmund (D:3)
  21 slime creatures
  2 shadows
  2 ynoxinuls (Lair:5)
  5 basilisks
  4 wyverns
  70 yaks
  6 wraiths
  A hog (Lair:3)
  2 steam dragons
  A chaos spawn (Lair:5)
  4 fire bats (Gauntlet)
  2 redbacks (Gauntlet)
  16 vampire mosquitoes
  Menkaure (D:7)
  A warg (shapeshifter) (Lair:5)
  5 wargs
  3 acid dragons
  9 nagas
  21 water moccasins
  Edmund (D:6)
  2 ice beasts
  19 orc warriors
  A large abomination (Lair:5)
  2 sky beasts (D:7)
  A black bear (D:5)
  10 wolves
  15 ogres
  14 centaurs
  2 kobold brigands
  2 phantoms (D:6)
  17 bullfrogs
  A gnoll sergeant (D:11)
  3 scorpions
  5 wights (D:9)
  7 small abominations (Lair:5)
  4 howler monkeys
  5 jellies
  2 hounds
  21 orc priests
  Crazy Yiuf (D:6)
  A gnoll bouda (D:9)
  A sleepcap (D:5)
  Ijyb (D:3)
  An iguana (D:5)
  44 orc wizards
  A nameless horror (D:13)
  8 gnolls
  4 adders
  A shadow imp (D:6)
  2 white imps
  2 ufetubi (D:6)
  2 worms
  3 dart slugs (D:3)
  72 orcs
  8 endoplasms
  A hobgoblin (D:1)
  2 jackals (D:2)
  6 quokkas
  10 ball pythons
  8 bats
  2 frilled lizards
  4 goblins
  13 kobolds
  5 rats
722 creatures vanquished.

Vanquished Creatures (collateral kills)
  Harold (D:11)
  2 naga sharpshooters (Snake:1)
  2 black mambas (Snake:2)
  A naga mage (Snake:2)
  3 nagas (Snake:1)
  A water moccasin (Lair:3)
  A gnoll (D:11)
11 creatures vanquished.

Vanquished Creatures (others)
  An anaconda (Snake:1)
  A black mamba (Snake:2)
  A guardian serpent (Snake:2)
  A cane toad (Lair:5)
  A human (Lair:3)
  A dancing weapon (Snake:1)
  2 nagas (Snake:2)
  An ogre (D:15)
  A jelly (D:6)
  2 orcs (D:5)
12 creatures vanquished.

Grand Total: 745 creatures vanquished

Notes
Turn   | Place    | Note
-------+----------+-------------------------------------------
     0 | D:1      | croobank the Demonspawn Ice Elementalist began the quest
                  | for the Orb.
     0 | D:1      | Reached XP level 1. HP: 13/13 MP: 3/3
   459 | D:1      | Gained mutation: A meltable shield of frost defends you.
                  | (SH +4) [demonic ancestry]
   459 | D:1      | Reached XP level 2. HP: 19/19 MP: 3/5
  1538 | D:2      | Gained mutation: A meltable icy envelope protects you from
                  | harm. (AC +8) [demonic ancestry]
  1538 | D:2      | Reached XP level 3. HP: 24/24 MP: 6/6
  1908 | D:2      | Learned a level 3 spell: Frozen Ramparts
  1999 | D:3      | Noticed Sigmund
  2008 | D:3      | Killed Sigmund
  2009 | D:3      | Reached skill level 1 in Short Blades
  2009 | D:3      | Reached XP level 4. HP: 12/33 MP: 0/8
  2009 | D:3      | Gained mutation: You are partially covered in slimy green
                  | scales. (AC +2) [demonic ancestry]
  2009 | D:3      | Reached XP level 5. HP: 14/38 MP: 0/9
  2162 | D:3      | Found Cahot's Antique Weapon Boutique.
  2521 | D:3      | Found a runed translucent door.
  2521 | D:3      | Noticed bahustanut's ghost (amateur OpHu)
  2686 | D:3      | Found a faded altar of an unknown god.
  2791 | D:3      | Noticed Ijyb
  2801 | D:3      | Killed Ijyb
  3055 | D:4      | Found a staircase to the Ecumenical Temple.
  3062 | D:4      | Gained mutation: A meltable icy envelope protects you from
                  | harm. (AC +8) [demonic ancestry]
  3062 | D:4      | Reached XP level 6. HP: 46/46 MP: 10/10
  3085 | Temple   | Entered the Ecumenical Temple
  3154 | Temple   | Became a worshipper of Gozag Ym Sagoz the Greedy
  3244 | D:4      | Learned a level 3 spell: Ozocubu's Armour
  4307 | D:5      | Entered Level 5 of the Dungeon
  4366 | D:5      | Noticed an ice beast
  4427 | D:5      | Gained mutation: You have a pair of small horns on your
                  | head. [demonic ancestry]
  4427 | D:5      | Reached XP level 7. HP: 52/52 MP: 4/11
  4741 | D:5      | Found a snail-covered altar of Cheibriados.
  4892 | D:5      | Learned a level 4 spell: Summon Ice Beast
  4917 | D:5      | Reached skill level 1 in Summonings
  5146 | D:5      | Gained mutation: You are partially covered in sharp spines.
                  | [demonic ancestry]
  5146 | D:5      | Reached XP level 8. HP: 50/60 MP: 6/13
  5253 | D:5      | Found an ornate altar of the Wu Jian Council.
  5416 | D:6      | Learned a level 3 spell: Mephitic Cloud
  5428 | D:6      | Noticed Edmund
  5441 | D:6      | Killed Edmund
  6031 | D:6      | Reached skill level 5 in Ice Magic
  6213 | D:6      | Found an ancient bone altar of Kikubaaqudgha.
  6407 | D:6      | Noticed Maggie
  6422 | D:6      | Killed Maggie
  6651 | D:6      | Identified the +3 war axe of Extremism {flame, Fragile
                  | rElec Int+2 Dex+2}
  6757 | D:6      | Found a runed translucent door.
  6758 | D:6      | Noticed Crazy Yiuf
  6770 | D:6      | Killed Crazy Yiuf
  6984 | D:6      | Found a blossoming altar of Fedhas.
  6984 | D:6      | Found a hazy altar of Hepliaklqana.
  6995 | D:6      | Gained mutation: You have a pair of horns on your head.
                  | [demonic ancestry]
  6995 | D:6      | Reached XP level 9. HP: 65/66 MP: 8/15
  7453 | D:7      | Noticed Prince Ribbit
  7458 | D:7      | Killed Prince Ribbit
  7459 | D:7      | Reached skill level 5 in Fighting
  7791 | D:7      | Reached skill level 5 in Stealth
  8132 | D:7      | Reached skill level 5 in Summonings
  8170 | D:7      | Noticed a gargoyle
  8204 | D:7      | Killed a gargoyle
  8276 | D:7      | Noticed a gargoyle
  8286 | D:7      | Killed a gargoyle
  8287 | D:7      | Reached skill level 5 in Short Blades
  8287 | D:7      | Reached skill level 5 in Dodging
  8381 | D:7      | Noticed a gargoyle
  8389 | D:7      | Killed a gargoyle
  8390 | D:7      | Reached skill level 5 in Spellcasting
  8390 | D:7      | Reached XP level 10. HP: 48/75 MP: 6/17
  8438 | D:7      | Noticed a gargoyle
  8446 | D:7      | Killed a gargoyle
  8528 | D:7      | Noticed Menkaure
  8538 | D:7      | Killed Menkaure
  8575 | D:7      | Noticed a gargoyle
  8581 | D:7      | Killed a gargoyle
  8801 | D:7      | Noticed Joseph
  8847 | D:7      | Killed Joseph
  9948 | D:8      | Noticed a two-headed ogre
  9993 | D:8      | Killed a two-headed ogre
 10518 | D:9      | Reached XP level 11. HP: 83/83 MP: 14/19
 10856 | D:9      | Found a runed translucent gate.
 10857 | D:9      | Found a runed translucent gate.
 10857 | D:9      | Noticed superbruh's ghost (journeyman MfSh)
 10858 | D:9      | Found a runed translucent gate.
 10858 | D:9      | Identified the +1 plate armour "Qudesat" {rF+ rCorr}
 10872 | D:9      | Found the +0 pair of fencer's gloves {Riposte Dex+3}
 11258 | D:9      | Found a staircase to the Lair.
 11367 | D:10     | Entered Level 10 of the Dungeon
 11563 | D:10     | Noticed Erica
 11577 | D:10     | Killed Erica
 12187 | D:10     | Noticed a white ugly thing
 12197 | D:10     | Noticed Erolcha
 12213 | D:10     | Killed Erolcha
 12215 | D:10     | Killed a green ugly thing
 12236 | D:10     | Found Teyfuvui's Armour Shoppe.
 12341 | D:10     | Bought a +2 ring mail of willpower for 336 gold pieces
 12565 | D:11     | Noticed a two-headed ogre
 12670 | D:11     | Gained mutation: You have a pair of large horns on your
                  | head. [demonic ancestry]
 12670 | D:11     | Reached XP level 12. HP: 88/91 MP: 16/21
 12725 | D:11     | Noticed a boulder beetle
 12776 | D:11     | Killed a boulder beetle
 12777 | D:11     | Reached skill level 1 in Conjurations
 12777 | D:11     | Reached skill level 1 in Air Magic
 12777 | D:11     | Reached skill level 1 in Poison Magic
 13097 | D:11     | Noticed Harold
 13109 | D:11     | Killed Harold
 13426 | D:11     | Found a staircase to the Orcish Mines.
 13507 | D:11     | Killed a two-headed ogre
 13878 | Lair:1   | Entered Level 1 of the Lair of Beasts
 13983 | Lair:1   | Noticed a death yak
 13986 | Lair:1   | Noticed a death yak
 13988 | Lair:1   | Noticed Urug
 14704 | Lair:1   | Killed Urug
 14752 | Lair:1   | Noticed Jeremiah
 14776 | Lair:1   | Noticed Gastronok
 14780 | Lair:1   | Noticed Fannar
 14804 | Lair:2   | Killed a death yak
 15090 | Lair:2   | Found a staircase to the Snake Pit.
 15167 | Lair:2   | Killed Fannar
 15177 | Lair:2   | Killed a death yak
 15350 | Lair:2   | Reached XP level 13. HP: 98/98 MP: 14/22
 15475 | Lair:1   | Killed Jeremiah
 15487 | Lair:1   | Killed Gastronok
 15488 | Lair:1   | Reached skill level 5 in Conjurations
 16126 | Lair:2   | Reached skill level 5 in Poison Magic
 16817 | Lair:2   | Reached skill level 5 in Air Magic
 17408 | Lair:3   | Noticed Snorg
 17414 | Lair:3   | Noticed Josephine
 17424 | Lair:3   | Killed Snorg
 17450 | Lair:3   | Killed Josephine
 18397 | Lair:3   | Noticed Kirke
 18411 | Lair:3   | Killed Kirke
 18651 | Lair:3   | Found a staircase to the Shoals.
 19611 | Lair:4   | Found a viscous altar of Jiyva.
 19655 | Lair:4   | Found a staircase to the Slime Pits.
 20085 | Lair:5   | Entered Level 5 of the Lair of Beasts
 20332 | Lair:5   | Gained mutation: You are mostly covered in slimy green
                  | scales. (AC +3) [demonic ancestry]
 20332 | Lair:5   | Reached XP level 14. HP: 46/106 MP: 11/23
 21998 | Lair:5   | Found a corrupted altar of Lugonu.
 21998 | Lair:5   | Found a one-way gate to the infinite horrors of the Abyss.
 23021 | D:12     | Found an iron altar of Okawaru.
 23975 | D:13     | Found a portal to a secret trove of treasure.
 25126 | D:13     | Found a runed translucent door.
 25193 | D:13     | Reached skill level 10 in Fighting
 25800 | D:13     | Noticed a stone giant
 25813 | D:13     | Killed a stone giant
 26091 | Orc:1    | Entered Level 1 of the Orcish Mines
 26173 | D:11     | Reached skill level 10 in Stealth
 26465 | D:11     | Learned a level 4 spell: Iskenderun's Mystic Blast
 26737 | Orc:1    | Reached skill level 1 in Translocations
 27233 | Orc:2    | Entered Level 2 of the Orcish Mines
 27253 | Orc:2    | Found Ilucuc's Jewellery Shoppe.
 27303 | Orc:2    | Bought the ring of Ethics {Wiz rF+ Will+ Str+2} for 753
                  | gold pieces
 27303 | Orc:2    | Bought the ring "Nyreclon" {rN+ SInv} for 366 gold pieces
 27320 | Orc:2    | Found Doitwos's Assorted Antiques.
 27626 | Orc:2    | Found a staircase to the Elven Halls.
 27685 | Orc:2    | Gained mutation: Your hexes are more powerful. [demonic
                  | ancestry]
 27685 | Orc:2    | Reached XP level 15. HP: 115/115 MP: 23/26
 27736 | Orc:2    | Found Cymusar's Weapon Emporium.
 27757 | Orc:2    | Found Iwiryec's Magic Scroll Shop.
 28149 | Orc:2    | Bought a scroll of identify for 26 gold pieces
 28149 | Orc:2    | Bought a scroll of enchant weapon for 97 gold pieces
 28149 | Orc:2    | Bought a scroll of identify for 26 gold pieces
 28149 | Orc:2    | Bought a scroll of identify for 26 gold pieces
 28374 | Orc:2    | Found Cigocot's Jewellery Emporium.
 28511 | Orc:2    | Bought a ring of poison resistance for 280 gold pieces
 28554 | Orc:2    | Reached skill level 1 in Necromancy
 28554 | Orc:2    | Found Qorodipu's Magic Scroll Emporium.
 28568 | Orc:2    | Reached skill level 1 in Earth Magic
 28571 | Orc:2    | Found Geschadd's Jewellery Shoppe.
 28740 | Orc:2    | Found an ancient bone altar of Kikubaaqudgha.
 28786 | Orc:2    | Found Ishrong's Antique Armour Shoppe.
 29114 | Orc:2    | Found a radiant altar of Vehumet.
 29136 | Orc:2    | Found Nisamobb's Antique Weapon Emporium.
 30066 | D:14     | You fall into a shaft and drop 1 floor!
 30066 | D:15     | Entered Level 15 of the Dungeon
 30086 | D:15     | Found a gate leading to a gauntlet.
 30108 | Gauntlet | Entered a Gauntlet
 30108 | Gauntlet | Found a transporter.
 30118 | Gauntlet | Found a transporter.
 30118 | Gauntlet | Found a transporter.
 30119 | Gauntlet | Found a transporter.
 30130 | Gauntlet | Found a transporter.
 30131 | Gauntlet | Found a transporter.
 30132 | Gauntlet | Found a transporter.
 30139 | Gauntlet | Found a transporter.
 30142 | Gauntlet | Found a transporter.
 30143 | Gauntlet | Found a transporter.
 30151 | Gauntlet | Found a transporter.
 30154 | Gauntlet | Found a transporter.
 30155 | Gauntlet | Found a transporter.
 30164 | Gauntlet | Found a transporter.
 30235 | Gauntlet | Learned a level 3 spell: Inner Flame
 30456 | Gauntlet | Identified the +1 pair of gloves "Niplent" {Will++}
 30564 | Gauntlet | Learned a level 3 spell: Tukima's Dance
 30788 | D:15     | Reached skill level 5 in Necromancy
 31279 | D:15     | Reached skill level 5 in Earth Magic
 31743 | D:15     | Found a staircase to the Depths.
 31838 | D:15     | Learned a level 5 spell: Borgnjor's Vile Clutch
 31991 | Orc:2    | Bought a scroll of amnesia for 68 gold pieces
 31992 | Orc:2    | Bought a scroll of butterflies for 68 gold pieces
 31992 | Orc:2    | Bought a scroll of immolation for 68 gold pieces
 31992 | Orc:2    | Bought 2 scrolls of silence for 323 gold pieces
 32370 | Elf:1    | Entered Level 1 of the Elven Halls
 32370 | Elf:1    | Identified the +0 kite shield of the Slorg {Dex+3}
 32370 | Elf:1    | Noticed Asterion
 32374 | Elf:1    | Noticed an Executioner
 32424 | Orc:2    | Learned a level 5 spell: Summon Forest
 32620 | Snake:1  | Entered Level 1 of the Snake Pit
 33052 | Snake:1  | Reached skill level 1 in Axes
 33491 | Snake:1  | Gained mutation: Your melee attacks may debilitate your
                  | foes. [demonic ancestry]
 33491 | Snake:1  | Reached XP level 16. HP: 60/122 MP: 1/29
 34809 | Orc:2    | Bought a scroll of amnesia for 120 gold pieces
 34817 | Orc:2    | Learned a level 6 spell: Summon Cactus Giant
 35196 | Snake:2  | Reached skill level 10 in Spellcasting
 35344 | Snake:2  | Noticed Nikola
 35359 | Snake:2  | Noticed Vashnia
 35365 | Snake:2  | Killed Nikola
 35366 | Snake:2  | Reached skill level 5 in Translocations
 35403 | Snake:2  | Shot with a bolt by Vashnia

Illustrated notes

Levels and vault maps discovered:
D:1:      dpeg_arrival_long_road, layout_basic
D:2:      layout_basic, basic_altar, minivault_19, nrook_mini_vaults,
          roderic_three_in_a_row
D:3:      layout_basic, ebering_ghost_inner_flame, serial_shops, shop,
          shapermc_ecumenical_altar_mp_vishouse, uniq_sigmund, uniq_ijyb
D:4:      layout_basic, temple_pool_b
D:5:      layout_rooms, minitemple
D:6:      layout_gridville, chequers_temple_overflow_statue_of_worship,
          uniq_maggie, uniq_edmund, uniq_crazy_yiuf_cottage
D:7:      cheibrodos_statue_roulette, layout_basic, uniq_prince_ribbit1,
          uniq_menkaure, uniq_joseph
D:8:      layout_loops_ring
D:9:      layout_basic, david_lair_shrubbed, biasface_ghost_orc_armoury
D:10:     layout_basic, serial_shops, nicolae_stop_n_shop_2, uniq_erica,
          uniq_erolcha
D:11:     layout_roguey, erik_orc_3, uniq_harold
D:12:     layout_loops_ring, okawaru_trees_2
D:13:     layout_roguey, trove_entry_hex_spiral, lightli_airlock
D:14:     layout_big_octagon, hellmonk_vaults_attempted_burglary,
          serial_bayou_shore_a, minmay_dual_archer_statues
D:15:     hangedman_depths_entry_civil_slaughter, layout_small_grid,
          chequers_serial_rivers_micro_e, gauntlet_entry_generic
Temple:   minmay_temple_bridge_d
Lair:1:   layout_loops_ring, minivault_11, minivault_27,
          chequers_serial_rivers_micro_c, uniq_urug, uniq_jeremiah, uniq_fannar,
          uniq_gastronok
Lair:2:   layout_roguey, minmay_snake_entry_six_corridors,
          chequers_serial_rivers_micro_b, nicolae_quartered_pool_impasse
Lair:3:   layout_loops_ring, elwin_shoals_entry_rooms, uniq_snorg, uniq_kirke,
          uniq_josephine
Lair:4:   layout_loops_ring, slime_entry_1
Lair:5:   hellmonk_lair_end_abyssal_woods, layout_regular_city,
          grunt_megastairs_2
Snake:1:  layout_honeycomb
Snake:2:  layout_misc_corridors, corexii_hall_statues_t, serial_bayou_shore_b,
          uniq_vashnia, uniq_nikola
Orc:1:    layout_caves
Orc:2:    kennysheep_orc_mage_school, layout_caves, serial_shops,
          nicolae_shop_gaudy_bauble, shop, shop,
          nicolae_shop_tiny_real_fake_doors, shop
Elf:1:    elf_arrival_002, layout_loops_corners, serial_shops, shop,
          minivault_28, serial_sigils_hangedman_scratch, uniq_asterion

Skill      XL: |  1  2  3  4  5  6  7  8  9 10 11 12 13 14 15 16 |
---------------+-------------------------------------------------+-----
Stealth        | 2 3 4 5 6 7 8 10 | 10.0
Dodging        | 2 3 4 5 6 7 8 9 |  9.2
Fighting       | 2 3 4 5 6 7 8 10 | 10.1
Short Blades   | 1 2 3 4 5 6 7 8 9 |  9.2
Ice Magic      | 4 5 6 7 |  7.3
Spellcasting   | 3 4 5 6 7 9 10 | 10.2
Summonings     | 1 3 5 7 8 9 |  9.7
Conjurations   | 4 6 7 |  7.3
Air Magic      | 4 6 |  6.7
Poison Magic   | 4 6 7 |  7.4
Translocations | 2 4 5 |  5.1
Necromancy     | 6 |  6.1
Earth Magic    | 5 |  5.1
Axes           | 2 3 |  3.5

Action                     |  1- 3 |  4- 6 |  7- 9 | 10-12 | 13-15 | 16-18 || total
---------------------------+-------+-------+-------+-------+-------+-------++-------
  Melee: Unarmed           |     5 |       |       |       |       |       ||     5
         Club              |    13 |       |       |       |       |       ||    13
         Hand axe          |     4 |       |       |       |       |       ||     4
         Dagger            |    14 |    86 |    82 |       |       |       ||   182
         Headbutt          |       |       |    50 |   126 |   407 |    27 ||   610
         Short sword       |       |       |   162 |   476 |  1127 |       ||  1765
         Punch             |       |       |     5 |     7 |    24 |       ||    36
         Scimitar          |       |       |       |       |    45 |       ||    45
         War axe           |       |       |       |       |   192 |    98 ||   290
         Staff             |       |       |       |       |     4 |       ||     4
   Fire: Sling             |       |       |       |   152 |       |       ||   152
  Throw: Dart              |       |       |     7 |    19 |       |       ||    26
         Throwing net      |       |       |       |    10 |     1 |       ||    11
         Boomerang         |       |       |       |     5 |    96 |     3 ||   104
   Cast: Freeze            |    39 |    14 |    28 |    11 |    18 |       ||   110
         Frozen Ramparts   |     2 |    14 |    36 |    81 |   118 |     3 ||   254
         Ozocubu's Armour  |       |     4 |    33 |    61 |   118 |     3 ||   219
         Mephitic Cloud    |       |       |       |    13 |    95 |     5 ||   113
         Summon Ice Beast  |       |       |       |     7 |     8 |       ||    15
         Iskenderun's Myst |       |       |       |       |    34 |       ||    34
         Inner Flame       |       |       |       |       |     5 |       ||     5
         Summon Forest     |       |       |       |       |     2 |       ||     2
         Tukima's Dance    |       |       |       |       |     1 |       ||     1
         Summon Cactus Gia |       |       |       |       |       |     1 ||     1
 Invoke: Potion Petition   |       |       |       |       |     2 |       ||     2
  Evoke: Wand              |     6 |     7 |    19 |    11 |    15 |     4 ||    62
         Phantom mirror    |       |       |       |     2 |     1 |     1 ||     4
    Use: Scroll            |     2 |     8 |     3 |     7 |    21 |     4 ||    45
         Potion            |     1 |       |     1 |     8 |    13 |     4 ||    27
   Stab: Sleeping          |     5 |     6 |     4 |     6 |     9 |       ||    30
         Distracted        |       |       |     2 |     2 |     5 |     1 ||    10
         Held in net/web   |       |       |       |     7 |       |       ||     7
         Invisible         |       |       |       |     2 |     5 |       ||     7
         Confused          |       |       |       |     6 |    44 |     2 ||    52
 Armour: Robe              |    34 |    45 |    52 |       |     6 |       ||   137
         Acid dragon scale |       |       |    92 |   141 |       |       ||   233
         Leather armour    |       |       |    13 |       |       |       ||    13
         Ring mail         |       |       |       |   133 |   836 |   116 ||  1085
  Dodge: Dodged            |    53 |    60 |    92 |   215 |   658 |    61 ||  1139
  Block: Other             |     8 |    11 |    28 |    50 |   142 |    17 ||   256

Table legend: (Time is in decaauts)
 A = Elapsed time spent in this place.
 B = Non-inter-level travel time spent in this place.
 C = Inter-level travel time spent in this place.
 D = Time resting spent in this place.
 E = Time spent auto-exploring this place.
 F = Levels seen in this place.
 G = Mean time per level.
                   A        B        C        D        E       F      G
               +--------+--------+--------+--------+--------+-----+--------+
         Total |  34607 |  32281 |   2326 |   9563 |  15239 |  27 | 1281.7 |
       Dungeon |  20477 |  18928 |   1549 |   5335 |   9778 |  15 | 1365.1 |
        Temple |    138 |      1 |    137 |      0 |      0 |   1 |  138.0 |
          Lair |   8274 |   7951 |    323 |   2171 |   3797 |   5 | 1654.8 |
     Snake Pit |   2409 |   2362 |     47 |   1047 |    816 |   2 | 1204.5 |
  Orcish Mines |   2699 |   2430 |    269 |    783 |    847 |   2 | 1349.5 |
   Elven Halls |      8 |      8 |      0 |      0 |      0 |   1 |    8.0 |
      Gauntlet |    599 |    599 |      0 |    226 |      0 |   1 |  599.0 |
               +--------+--------+--------+--------+--------+-----+--------+

Top non-repeatable levels by time:
    D:13: 2676 daAuts
    D:11: 2134 daAuts
 Snake:1: 2069 daAuts
     D:6: 2060 daAuts
  Lair:5: 2050 daAuts
  Lair:2: 1961 daAuts
     D:7: 1927 daAuts
   Orc:2: 1901 daAuts
  Lair:3: 1683 daAuts
  Lair:1: 1598 daAuts
     D:9: 1513 daAuts
    D:12: 1437 daAuts
    D:10: 1173 daAuts
     D:1: 1147 daAuts
     D:4: 1141 daAuts
